 Dungeon Crawl Stone Soup version 0.29-a0-838-g385bb11a5b (webtiles) character file.

Game seed: 5901879875415034045

2 zeratav the Stinger (level 1, -2/11 HPs)
             Began as an Octopode Venom Mage on July 13, 2022.
             Slain by a jackal (3 damage)
             ... on level 1 of the Dungeon.
             The game lasted 00:00:37 (79 turns).

zeratav the Stinger (Octopode Venom Mage)             Turns: 79, Time: 00:00:38

Health: -2/11      AC:  1    Str:  7    XL:     1   Next: 30%
Magic:  0/3        EV: 13    Int: 17    God:
Gold:   13         SH:  0    Dex: 12    Spells: 3/4 levels left

rFire   . . .      SeeInvis .   (no weapon)
rCold   . . .      Faith    .   (no shield)
rNeg    . . .      Spirit   .   (helmet restricted)
rPois   .          Reflect  .   (no amulet)
rElec   .          Harm     .   (no ring)
rCorr   .          Rampage  .   (no ring)
Will    .....                   (no ring)
Stlth   +++.......              (no ring)
HPRegen 0.03/turn               (no ring)
MPRegen 0.08/turn               (no ring)
                                (no ring)
                                (no ring)

@: no status effects
A: almost no armour, amphibious, 8 rings, camouflage 1, gelatinous body 1,
(nimble swimmer 1), tentacles
a: no special abilities


You were on level 1 of the Dungeon.
You visited 1 branch of the dungeon, and saw 1 of its levels.

You collected 13 gold pieces.


Innate Abilities, Weirdness & Mutations

You cannot wear most types of armour.
You are amphibious.
You can wear up to eight rings at the same time.
Your skin changes colour to match your surroundings (Stealth+).
Your rubbery body absorbs attacks. (AC +1, EV +1)
((You are camouflaged when in or above water. (Stealth+)))
You have tentacles for arms and can constrict up to eight enemies at once.


   Skills:
 - Level 2.0 Dodging
 + Level 2.8 Stealth
 - Level 2.0 Spellcasting
 - Level 1.0 Transmutations
 + Level 3.7 Poison Magic


You had 3 spell levels left.
You knew the following spells:

 Your Spells              Type           Power      Damage    Failure   Level
a - Sting                 Tmut/Pois      36%        1d4       8%          1

Your spell library contained the following spells:

 Spells                   Type           Power      Damage    Failure   Level
 Poisonous Vapours        Pois/Air       16%        N/A       14%         2
 Mephitic Cloud           Conj/Pois/Air  5%         N/A       34%         3
 Olgreb's Toxic Radiance  Pois           14%        N/A       38%         4

Inventory:

Scrolls
 c - a scroll of teleportation {unknown}
Potions
 a - a potion of magic
 b - a potion of brilliance {unknown}

Dungeon Overview and Level Annotations

Branches:
Dungeon (1/15) Zot: 5920

Altars:

#........................
#.................†......
#........................
##.............(.........
#.......................
#.#####.............$...
# ##.........|._..##
##...h...........
###@h.#...#..##.
#h#.#...##..
......gh)......
...............
.......r.......
...............
...............
...............
...........!...


You could see 4 jackals, a hobgoblin and a rat.


Message History

🤖 Initializing magus.rc ...
Bad channel name for runrest: 'pray:' ✅ Successfully initialized magus.rc [v1.9.6] Welcome, zeratav the Octopode Venom Mage.
Below lies the Orb of Zot, rumoured to be powerful enough to resurrect a god...
Press ? for a list of commands and other information.
Found a staircase leading out of the dungeon.
You open the door.
Found an escape hatch in the floor.
There is an open door here.
There is an open door here.
There is an open door here.
There is a dry fountain here.
As you open the door, it creaks loudly!
There is an open door here.
A bat comes into view.
Found a thin runed staff.
Found a faded altar of an unknown god.
A bat is nearby!
You barely miss the bat. You grab the bat.
You constrict the bat, but do no damage.
The bat barely misses you.
The bat escapes!
You completely miss the bat. Your grab misses the bat. You squeeze the bat.
You kill the bat!
You can't see any susceptible monsters within range! (Use Z to cast anyway.)
You now have 13 gold pieces.
b - a glowing purple potion
c - a scroll labelled OLUNTY CUALL A goblin comes into view.
It is wielding a +0 dagger.
A goblin is nearby!
Okay, then. 4 jackals come into view.
The goblin shouts!
The jackal barks!
You hear an angry hiss.
A hobgoblin comes into view.
The goblin closely misses you.
The sting hits the goblin.
The goblin is poisoned.
The hobgoblin shouts!
The jackal barks! x3
The goblin hits you with a +0 dagger.
HP[-3] MP[-1]
You take 3 damage, and now have 8/11 hp.
MASSIVE DAMAGE!! (PAUSE)
You lost 1 mp, and now have 2/3 mp.
The sting hits the goblin.
The goblin looks even sicker.
You kill the goblin!
The jackal bites you.
A rat comes into view.
HP[-2] MP[-1]
You take 2 damage, and now have 6/11 hp.
You lost 1 mp, and now have 1/3 mp.
The sting misses the jackal. x2
The sting hits the jackal but does no damage.
The jackal is poisoned.
The jackal bites you but does no damage.
The jackal bites you.
* * * LOW HITPOINT WARNING * * *
The jackal barely misses you.
The jackal bites you but does no damage.
HP[-3] MP[-1]
You take 3 damage, and now have 3/11 hp.
MASSIVE DAMAGE!! (PAUSE)
You lost 1 mp, and now have 0/3 mp.
You are too injured to fight recklessly!
The jackal attacks as you move away!
The jackal bites you but does no damage.
The jackal attacks as you move away! The jackal misses you.
The jackal attacks as you move away! The jackal closely misses you.
You closely miss the jackal. Your grab misses the jackal. The jackal bites you.
* * * LOW HITPOINT WARNING * * *
HP[-1]
You take 1 damage, and now have 2/11 hp.
You tentacle-slap the jackal but do no damage.
Your grab misses the jackal.
The jackal bites you but does no damage.
The jackal misses you. x2
You tentacle-slap the jackal but do no damage.
Your grab misses the jackal. You tentacle-slap the jackal.
The jackal bites you.
* * * LOW HITPOINT WARNING * * *
The jackal bites you.
You die...

Action                   || total
-------------------------++-------
Melee: Unarmed           ||     5
       Constrict         ||     1
       Punch             ||     1
       Tentacles         ||     1
 Cast: Sting             ||     3
Armor: Skin              ||     4
Dodge: Dodged            ||     7

Levels and vault maps discovered:
D:1:      minmay_arrival_split_and_join, layout_rooms, basic_ecumenical_altar,
          wad_floor_pattern_1

Notes
Turn   | Place    | Note
-------+----------+-------------------------------------------
     0 | D:1      | zeratav the Octopode Venom Mage began the quest for the
                  | Orb.
     0 | D:1      | Reached XP level 1. HP: 11/11 MP: 3/3
     0 | D:1      | magus.rc [v1.9.6]
    47 | D:1      | Found a faded altar of an unknown god.
    77 | D:1      | HP: 2/11 [jackal (1)]
    79 | D:1      | Slain by a jackal

Vanquished Creatures
  A goblin (D:1)
  A bat (D:1)
2 creatures vanquished.

Table legend:
 A = Non-vault XP
 B = Vault XP
 C = Vault XP percentage of total XP
 D = Non-vault monster count
 E = Vault monster count
 F = Vault count percentage of total count
                 A         B        C        D         E       F
            +---------+---------+-------+---------+---------+-------
      Total |       3 |       0 |   0.0 |       2 |       0 |   0.0
            +---------+---------+-------+---------+---------+-------
        D:1 |       3 |       0 |   0.0 |       2 |       0 |   0.0
            +---------+---------+-------+---------+---------+-------

Illustrated notes

Table legend:
 A = Kills in this place as a percentage of kills in entire the game.
 B = Kills by you in this place as a percentage of kills by you in the entire game.
 C = Kills by friends in this place as a percentage of kills by friends in the entire game.
 D = Other kills in this place as a percentage of other kills in the entire game.
 E = Experience gained in this place as a percentage of experience gained in the entire game.
 F = Experience gained in this place divided by the number of levels of this place that you have seen.
                   A       B       C       D       E      F
               +-------+-------+-------+-------+-------+----------------------
         Total | 100.0 | 100.0 |   N/A |   N/A | 100.0 |   3.0
       Dungeon | 100.0 | 100.0 |   N/A |   N/A | 100.0 |   3.0
               +-------+-------+-------+-------+-------+----------------------

Table legend: (Time is in decaauts)
 A = Elapsed time spent in this place.
 B = Non-inter-level travel time spent in this place.
 C = Inter-level travel time spent in this place.
 D = Time resting spent in this place.
 E = Time spent auto-exploring this place.
 F = Levels seen in this place.
 G = Mean time per level.
                   A        B        C        D        E       F      G
               +--------+--------+--------+--------+--------+-----+--------+
         Total |     79 |     79 |      0 |      0 |     58 |   1 |   79.0 |
       Dungeon |     79 |     79 |      0 |      0 |     58 |   1 |   79.0 |
               +--------+--------+--------+--------+--------+-----+--------+

Top non-repeatable levels by time:
     D:1: 79 daAuts
